 Dungeon Crawl Stone Soup version 0.28.0-53-g5a82cb258f (webtiles) character file.

Game seed: 14530192497547909496

84 Ashen the Magician (level 4, -6/32 HPs)
             Began as a Mummy Fire Elementalist on July 9, 2022.
             Killed from afar by Sigmund (15 damage)
             ... with a puff of flame
             ... on level 2 of the Dungeon.
             The game lasted 00:04:11 (2357 turns).

Ashen the Magician (Mummy Fire Elementalist)        Turns: 2357, Time: 00:04:11

Health: -6/32      AC:  3    Str: 11    XL:     4   Next: 24%
Magic:  1/9        EV: 12    Int: 16    God:
Gold:   89         SH:  5    Dex: 12    Spells: 6/9 levels left

rFire   x . .      SeeInvis +   f - +2 dagger (venom)
rCold   + . .      Faith    .   (no shield)
rNeg    + + +      Spirit   .   a - +0 robe
rPois   ∞          Reflect  +   (no helmet)
rElec   .          Harm     .   (no cloak)
rCorr   .          Rampage  .   (no gloves)
Will    .....                   c - +0 pair of boots
Stlth   ++........              j - amulet of reflection
HPRegen 0.10/turn               l - ring of see invisible
MPRegen 0.11/turn               (no ring)

@: no status effects
A: cold resistance 1, negative energy resistance 3, torment resistance 2, heat
vulnerability 1, no potions
a: no special abilities


You were on level 2 of the Dungeon.
You visited 1 branch of the dungeon, and saw 2 of its levels.

You collected 89 gold pieces.

Inventory:

Hand Weapons
 d - a +0 short sword of freezing
 f - a +2 dagger of venom (weapon)
Missiles
 b - a throwing net
Armour
 a - a +0 robe (worn)
 c - a +0 pair of boots (worn)
Jewellery
 j - an amulet of reflection (around neck)
 l - a ring of see invisible (left hand)
Scrolls
 e - a scroll of enchant weapon {unknown}
 g - 2 scrolls of identify {unknown}
 h - a scroll of amnesia {unknown}
 i - a scroll of holy word {unknown}
 k - a scroll of noise {unknown}


   Skills:
 + Level 1.3 Fighting
 + Level 2.2 Dodging
 + Level 2.2 Stealth
 + Level 3.3 Spellcasting
 + Level 1.3 Conjurations
 + Level 2.7 Fire Magic


You had 6 spell levels left.
You knew the following spells:

 Your Spells              Type           Power      Damage    Failure   Level
a - Foxfire               Conj/Fire      36%        2x1d5     8%          1
b - Scorch                Fire           22%        2d6       9%          2

Your spell library contained the following spells:

 Spells                   Type           Power      Damage    Failure   Level
 Conjure Flame            Conj/Fire      9%         6-21      24%         3
 Ensorcelled Hibernation  Hex/Ice        4%         N/A       26%         2
 Passwall                 Tmut/Erth      1%         N/A       26%         2
 Inner Flame              Hex/Fire       7%         N/A       30%         3
 Swiftness                Air            2%         N/A       47%         3
 Flame Wave               Conj/Fire      9%         2d5       61%         4
 Anguish                  Hex/Necr       1%         N/A       87%         4
 Spider Form              Tmut/Pois      Unusable   N/A       N/A         3

Dungeon Overview and Level Annotations

Branches:
Dungeon (2/15)

Altars:
Trog

Shops:
D:1 ?

Annotations:
D:2 Sigmund


Innate Abilities, Weirdness & Mutations

You are immune to poison.
Your flesh is cold resistant. (rC+)
You are immune to negative energy. (rN+++)
You are immune to unholy pain and torment.
You are vulnerable to heat. (rF-)
You do not drink.


Message History

* * * LOW HITPOINT WARNING * * *
Unknown command.
Casting: Foxfire (safe; 8% risk of failure)
Confirm with . or Enter, or press ? or * to list all spells.
There is not enough space to conjure foxfire!
Your foxfire dissipates!
The foxfire hits the kobold.
The kobold is moderately wounded.
The foxfire hits Sigmund.
Sigmund is lightly wounded.
The foxfire hits the kobold but does no damage.
The kobold is moderately wounded.
Casting: Foxfire (safe; 8% risk of failure)
Confirm with . or Enter, or press ? or * to list all spells.
You conjure some foxfire!
You block the kobold's attack.
Sigmund screams, "Only death can liberate you!"
You block Sigmund's attack.
Your foxfire dissipates!
The foxfire hits the kobold.
You kill the kobold!
Your magical contamination has completely faded away.
Sigmund laughs darkly.
Sigmund casts a spell at you. The magic dart hits you.
* * * LOW HITPOINT WARNING * * *
Casting: Foxfire (safe; 8% risk of failure)
Confirm with . or Enter, or press ? or * to list all spells.
You conjure some foxfire!
Casting: Foxfire (safe; 8% risk of failure)
Confirm with . or Enter, or press ? or * to list all spells.
You conjure some foxfire!
The foxfire hits Sigmund.
Sigmund is lightly wounded.
The foxfire hits Sigmund but does no damage.
Sigmund is lightly wounded.
Your foxfire dissipates!
The foxfire hits Sigmund but does no damage.
Sigmund is lightly wounded.
Sigmund gestures at you while chanting. The puff of flame hits you!
The fire burns you terribly!
You die...

#.# #.##### #.#...#
#.#.#.# #.#.#.# ######
######.#.#.# #....#
...........# #.#.##
######.#..#########.#.#
######......)@§.@†..#.#
........#.....§§.."...#
#######.###############
#.# #.....K@. #########


You could see Sigmund (invisible).

Vanquished Creatures
  Robin (D:2)
  An adder (D:2)
  2 dart slugs (D:1)
  5 ball pythons
  4 endoplasms
  2 giant cockroaches (D:1)
  13 goblins
  7 hobgoblins
  7 kobolds
  4 quokkas
  4 bats (D:1)
  A frilled lizard (D:1)
  7 rats
58 creatures vanquished.

Vanquished Creatures (others)
  51 foxfires
51 creatures vanquished.

Grand Total: 109 creatures vanquished

Notes
Turn   | Place    | Note
-------+----------+-------------------------------------------
     0 | D:1      | Ashen the Mummy Fire Elementalist began the quest for the
                  | Orb.
     0 | D:1      | Reached XP level 1. HP: 13/13 MP: 4/4
   147 | D:1      | Reached XP level 2. HP: 20/20 MP: 2/5
   161 | D:1      | Found a faded altar of an unknown god.
   499 | D:1      | Found Yzicup's Magic Scroll Shop.
   522 | D:1      | Reached skill level 1 in Conjurations
   777 | D:1      | Reached skill level 3 in Spellcasting
   905 | D:1      | Reached XP level 3. HP: 24/25 MP: 7/7
   953 | D:1      | Learned a level 2 spell: Scorch
  1486 | D:2      | Reached skill level 1 in Fighting
  1773 | D:2      | Noticed Robin
  1812 | D:2      | Killed Robin
  1813 | D:2      | Reached XP level 4. HP: 20/32 MP: 1/9
  2015 | D:2      | Found a bloodstained altar of Trog.
  2331 | D:2      | Noticed Sigmund
  2357 | D:2      | Killed from afar by Sigmund

Illustrated notes

Levels and vault maps discovered:
D:1:      ncdulo_halloftheorcs, layout_basic, serial_shops,
          nicolae_shop_competitors_out_of_business,
          ebering_ecumenical_altar_petrified, minmay_quantized
D:2:      layout_basic, basic_altar, uniq_sigmund, uniq_robin, uniq_terence

Skill      XL: |  1  2  3 |
---------------+----------+-----
Conjurations   | 1 |  1.3
Spellcasting   | 3 |  3.3
Stealth        | 2 |  2.2
Dodging        | 2 |  2.2
Fighting       | 1 |  1.3
Fire Magic     | |  2.7

Action                   |  1- 3 |  4- 6 || total
-------------------------+-------+-------++-------
Melee: Dagger            |    76 |    11 ||    87
       Short sword       |     4 |       ||     4
       Unarmed           |     3 |       ||     3
       Punch             |     1 |       ||     1
 Cast: Foxfire           |    25 |     5 ||    30
       Scorch            |       |     1 ||     1
 Stab: Sleeping          |     4 |       ||     4
Armor: Robe              |    22 |     4 ||    26
Dodge: Dodged            |    48 |     9 ||    57
Block: Other             |       |     3 ||     3
